 Dungeon Crawl Stone Soup version 0.29.1-2-gbd0b4ee654 (webtiles) character file.

Game seed: 17001769160318039606

80 qeuew the Grasshopper (level 4, -1/38 HPs)
             Began as a Gnoll Warper on Nov 4, 2022.
             Slain by a hobgoblin (2 damage)
             ... led by Robin
             ... on level 3 of the Dungeon.
             The game lasted 00:03:04 (1800 turns).

qeuew the Grasshopper (Gnoll Warper)                Turns: 1800, Time: 00:03:04

Health: -1/38      AC:  5    Str: 11    XL:     4   Next: 39%
Magic:  11/11      EV: 11    Int: 12    God:
Gold:   94         SH:  0    Dex: 13    Spells: 13/13 levels left

rFire   . . .      SeeInvis .   a - +1 falchion
rCold   . . .      Faith    .   (no shield)
rNeg    . . .      Spirit   .   f - +0 ring mail
rPois   .          Reflect  .   (no helmet)
rElec   .          Harm     .   (no cloak)
rCorr   .          Rampage  .   (no gloves)
Will    .....                   (no boots)
Stlth   +.........              k - amulet of magic regeneration
HPRegen 0.12/turn               (no ring)
MPRegen 0.52/turn               (no ring)

@: no status effects
A: fangs 1, strong nose, distributed training
a: no special abilities


You were on level 3 of the Dungeon.
You visited 1 branch of the dungeon, and saw 3 of its levels.

You collected 94 gold pieces.

Inventory:

Hand Weapons
 a - a +1 falchion (weapon)
 h - the +7 sling of Wausulei {vorpal, rElec rPois}
   (You found it on level 1 of the Dungeon)

   Any ammunition fired from it inflicts extra damage upon your enemies.
   rElec:     It insulates you from electricity.
   rPois:     It protects you from poison.
Missiles
 d - 7 boomerangs of dispersal (quivered)
Armour
 f - a +0 ring mail (worn)
Jewellery
 k - an amulet of magic regeneration (around neck)
Scrolls
 c - a scroll of blinking


   Skills:
 + Level 4.6 Fighting
 + Level 1.2 Short Blades
 + Level 4.6 Long Blades
 + Level 1.2 Axes
 + Level 1.2 Maces & Flails
 + Level 1.2 Polearms
 + Level 1.2 Staves
 + Level 1.2 Ranged Weapons
 + Level 2.8 Throwing
 + Level 2.8 Armour
 + Level 4.6 Dodging
 + Level 1.2 Stealth
 + Level 1.2 Shields
 + Level 1.2 Unarmed Combat
 + Level 5.1 Spellcasting
 + Level 1.0 Conjurations
 + Level 1.0 Hexes
 + Level 1.0 Summonings
 + Level 1.0 Necromancy
 + Level 5.5 Translocations
 + Level 1.0 Transmutations
 + Level 1.0 Fire Magic
 + Level 1.0 Ice Magic
 + Level 1.0 Air Magic
 + Level 1.0 Earth Magic
 + Level 1.0 Poison Magic
 + Level 1.3 Invocations
 + Level 1.2 Evocations


You had 13 spell levels left.
You didn't know any spells.
Your spell library contained the following spells:

 Spells                   Type           Power      Damage    Failure   Level
 Blink                    Tloc           32%        N/A       7%          2
 Gell's Gravitas          Tloc           16%        N/A       14%         3
 Lesser Beckoning         Tloc           16%        N/A       14%         3
 Teleport Other           Tloc           16%        N/A       14%         3
 Manifold Assault         Tloc           16%        N/A       78%         5


Dungeon Overview and Level Annotations

Branches:
Dungeon (3/15)

Altars:

Annotations:
D:3 Robin


Innate Abilities, Weirdness & Mutations

You have very sharp teeth.
Your uncanny sense of smell can sniff out nearby items.
Your experience applies equally to all skills.


Message History

* * * LOW HITPOINT WARNING * * *
The orc barely misses you.
You hear a shout!
The frilled lizard hisses angrily.
Your Conjurations skill increases to level 1!
Your Hexes skill increases to level 1!
Your Summonings skill increases to level 1!
Your Necromancy skill increases to level 1!
Your Transmutations skill increases to level 1!
Your Fire Magic skill increases to level 1!
Your Ice Magic skill increases to level 1!
Your Air Magic skill increases to level 1!
Your Earth Magic skill increases to level 1!
Your Poison Magic skill increases to level 1!
You have reached level 4!
You feel stronger.
You are too injured to fight recklessly!
You slash the goblin!
You kill the goblin!
The hobgoblin hits you but does no damage.
The orc misses you. The orc closely misses you.
Items here: )))) [ ††††.
The hobgoblin attacks as you move away!
The hobgoblin hits you but does no damage.
Robin throws the goblin at you! The goblin barely misses you.
You see here a +0 dagger.
You hit the goblin. Your bite misses the goblin.
The goblin is moderately wounded.
The goblin closely misses you.
A goblin comes into view. It is wielding a +0 dagger.
The hobgoblin barely misses you.
You hit the goblin.
You kill the goblin!
Robin throws the goblin at you!
A goblin comes into view. It is wielding a +0 club.
The hobgoblin hits you.
* * * LOW HITPOINT WARNING * * *
The goblin hits you with a +0 dagger.
* * * LOW HITPOINT WARNING * * *
You barely miss the goblin. The hobgoblin hits you.
You die...

. #. ..
.# #
#.#.#
....#
###g$#
##gol.#
##@##o.#
#g##
.#.#
#†## l#
.# #. .#
# #. ##
##


You could see an orc, a hobgoblin (strong), 2 goblins and a frilled lizard.

Vanquished Creatures
  An orc wizard (D:3)
  An adder (D:3)
  A dart slug (D:2)
  An orc (D:3)
  3 ball pythons
  4 bats
  3 endoplasms (D:1)
  3 giant cockroaches
  8 goblins
  4 hobgoblins
  2 jackals (D:1)
  2 quokkas
  A frilled lizard (D:2)
  3 kobolds (D:2)
  3 rats
40 creatures vanquished.

Notes
Turn   | Place    | Note
-------+----------+-------------------------------------------
     0 | D:1      | qeuew the Gnoll Warper began the quest for the Orb.
     0 | D:1      | Reached XP level 1. HP: 20/20 MP: 6/6
    55 | D:1      | Found a faded altar of an unknown god.
   314 | D:1      | Reached XP level 2. HP: 26/26 MP: 7/7
   694 | D:1      | Learned a level 2 spell: Blink
  1107 | D:1      | Identified the +7 sling of Wausulei {vorpal, rElec rPois}
  1264 | D:2      | Reached skill level 5 in Spellcasting
  1264 | D:2      | Reached XP level 3. HP: 30/31 MP: 7/9
  1638 | D:2      | Reached skill level 1 in Invocations
  1780 | D:3      | Noticed Robin
  1782 | D:3      | Reached skill level 1 in Short Blades
  1782 | D:3      | Reached skill level 1 in Axes
  1782 | D:3      | Reached skill level 1 in Maces & Flails
  1782 | D:3      | Reached skill level 1 in Polearms
  1782 | D:3      | Reached skill level 1 in Staves
  1782 | D:3      | Reached skill level 1 in Ranged Weapons
  1782 | D:3      | Reached skill level 1 in Stealth
  1782 | D:3      | Reached skill level 1 in Shields
  1782 | D:3      | Reached skill level 1 in Unarmed Combat
  1782 | D:3      | Reached skill level 1 in Evocations
  1795 | D:3      | Reached skill level 1 in Conjurations
  1795 | D:3      | Reached skill level 1 in Hexes
  1795 | D:3      | Reached skill level 1 in Summonings
  1795 | D:3      | Reached skill level 1 in Necromancy
  1795 | D:3      | Reached skill level 1 in Transmutations
  1795 | D:3      | Reached skill level 1 in Fire Magic
  1795 | D:3      | Reached skill level 1 in Ice Magic
  1795 | D:3      | Reached skill level 1 in Air Magic
  1795 | D:3      | Reached skill level 1 in Earth Magic
  1795 | D:3      | Reached skill level 1 in Poison Magic
  1795 | D:3      | Reached XP level 4. HP: 7/38 MP: 11/11
  1799 | D:3      | HP: 1/38 [goblin/+0 dagger[Robin] (3)]
  1800 | D:3      | Slain by a hobgoblin

Illustrated notes

Levels and vault maps discovered:
D:1:      dpeg_arrival_three_same_balls, layout_basic,
          ebering_ecumenical_altar_sacrificial, minivault_5
D:2:      kennysheep_big_flooded_room, layout_loops_cross,
          grunt_decor_one_mirror, minmay_pentomino_q2
D:3:      layout_loops_cross, roderic_roman_lattice, hangedman_glass_teeth,
          grunt_ministairs_2, uniq_robin

Skill      XL: |  1  2  3 |
---------------+----------+-----
Spellcasting   | 5 |  5.1
Invocations    | 1 |  1.3
Short Blades   | 1 |  1.2
Axes           | 1 |  1.2
Maces & Flails | 1 |  1.2
Polearms       | 1 |  1.2
Staves         | 1 |  1.2
Ranged Weapons | 1 |  1.2
Stealth        | 1 |  1.2
Shields        | 1 |  1.2
Unarmed Combat | 1 |  1.2
Evocations     | 1 |  1.2
Conjurations   | 1 |  1.0
Hexes          | 1 |  1.0
Summonings     | 1 |  1.0
Necromancy     | 1 |  1.0
Transmutations | 1 |  1.0
Fire Magic     | 1 |  1.0
Ice Magic      | 1 |  1.0
Air Magic      | 1 |  1.0
Earth Magic    | 1 |  1.0
Poison Magic   | 1 |  1.0
Fighting       | |  4.6
Long Blades    | |  4.6
Throwing       | |  2.8
Armour         | |  2.8
Dodging        | |  4.6
Translocations | |  5.5

Action                   |  1- 3 |  4- 6 || total
-------------------------+-------+-------++-------
Melee: Falchion          |    76 |     4 ||    80
       Bite              |     5 |       ||     5
 Fire: Sling             |    34 |       ||    34
  Use: Scroll            |     3 |       ||     3
       Potion            |     3 |       ||     3
 Stab: Invisible         |     7 |       ||     7
Armor: Leather armour    |    15 |       ||    15
       Ring mail         |    25 |     4 ||    29
Dodge: Dodged            |    71 |     5 ||    76
